 Dungeon Crawl Stone Soup version 0.28.0-47-ge53b351184 (webtiles) character file.

Game seed: 2303579866509584198

21 Exodus22XD the Chopper (level 2, -40/27 HPs)
             Began as a Hill Orc Monk on May 6, 2022.
             Killed from afar by an ironbound thunderhulk (67 damage)
             ... with a bolt of lightning
             ... summoned by a worldbinder
             ... on level 1 of the Abyss.
             The game lasted 00:01:20 (670 turns).

Exodus22XD the Chopper (Hill Orc Monk)               Turns: 670, Time: 00:01:20

Health: -40/27     AC:  2    Str: 13    XL:     2   Next: 83%
Magic:  2/2        EV: 12    Int: 10    God:
Gold:   41         SH:  0    Dex: 13    Spells: 1/1 levels left

rFire   . . .      SeeInvis .   a - +0 hand axe
rCold   . . .      Faith    .   (no shield)
rNeg    . . .      Spirit   .   b - +0 robe
rPois   .          Reflect  .   (no helmet)
rElec   .          Harm     .   (no cloak)
rCorr   .          Rampage  .   (no gloves)
Will    .....                   (no boots)
Stlth   ++........              (no amulet)
HPRegen 0.09/turn               (no ring)
MPRegen 0.08/turn               (no ring)

@: no status effects
A: no striking features
a: no special abilities


You were on level 1 of the Abyss.
You visited 1 branch of the dungeon, and saw 3 of its levels.
You visited the Abyss 1 time.

You collected 41 gold pieces.

Inventory:

Hand Weapons
 a - a +0 hand axe (weapon)
Armour
 b - a +0 robe (worn)
 d - a +0 plate armour
Scrolls
 f - a scroll of magic mapping {unknown}
 g - a scroll of noise {unknown}
 h - a scroll of identify {unknown}
 i - a scroll of vulnerability {unknown}
Potions
 c - a potion of haste {unknown}
 e - a potion of mutation {unknown}


   Skills:
 + Level 4.0 Fighting
 + Level 4.6 Axes
 * Level 1.1 Armour
 - Level 2.4 Dodging
 - Level 1.5 Stealth


You had one spell level left.
You didn't know any spells.
Your spell library was empty.

Dungeon Overview and Level Annotations

Branches:
Dungeon (3/15)

Altars:
Lugonu

Annotations:
D:3 2 runed translucent doors


Message History

Found a dagger.
i - a scroll labelled UDDOIN ERASH
Found 16 stones.
A hobgoblin comes into view.
Found a stone staircase leading down.
There is an escape hatch in the floor here.
You slide downwards.
The hatch slams shut behind you.
You hear the sound of rushing water.
There is an entrance to a sewer on this level.
Hurry and find it before the portal rusts away!
The kobold shouts! x2; The hobgoblin shouts!
You hear a shout! x2
Found a ring mail.
Found a corrupted altar of Lugonu.
You closely miss the kobold. The kobold hits you but does no damage.
You are cast into the Abyss!
This branch contains the abyssal rune of Zot.
No target in view!
No target in view!
There is an empty arch of ancient stone here.
A white imp comes into view.
A worldbinder comes into view.
A large abomination comes into view.
A fire bat comes into view.
A wretched star comes into view.
A blink frog comes into view.
The blink frog gives a loud, deep croak!
The blink frog blinks!
A wretched star comes into view.
The blink frog blinks!
A tentacled starspawn comes into view.
A tentacle flies out from the starspawn's body!
A neqoxec comes into view.
A starspawn tentacle comes into view.
A starspawn tentacle comes into view.
A worldbinder comes into view.
The neqoxec shouts!
The worldbinder calls forth creatures from the Vaults!
A tentacle flies out from the starspawn's body!
The blink frog blinks!
Electricity crackles from the ironbound thunderhulk's apparatus.
The bolt of lightning hits you!!!
Ouch! That really hurt!
You die...

*...........### ..
# . . ...... .
..........O#. #
#......#......## .
#.#...###...#..# *.
.#.....#..x.#..#.#
#.......Fu#....# #.
.....u.#..##...*
...##..##.@###### #
...##..##..ยง......
..........3.......
..................
...##.w##.........
#X. #......... ....
..........
................
#..##..##........


You could see 2 very ugly things, a tentacled starspawn, an ironbound
thunderhulk (summoned), a wretched star (wandering), a worldbinder, a blink
frog, a neqoxec and a starspawn tentacle.

Vanquished Creatures
  A dart slug (D:1)
  2 bats (D:1)
  2 endoplasms (D:1)
  2 giant cockroaches (D:1)
  A hobgoblin (D:1)
  A kobold (D:1)
  A quokka (D:1)
  2 ball pythons (D:1)
  2 goblins (D:1)
  3 rats (D:1)
17 creatures vanquished.

Vanquished Creatures (others)
  2 starspawn tentacles (Abyss:1)
2 creatures vanquished.

Grand Total: 19 creatures vanquished

Notes
Turn   | Place    | Note
-------+----------+-------------------------------------------
     0 | D:1      | Exodus22XD the Hill Orc Monk began the quest for the Orb.
     0 | D:1      | Reached XP level 1. HP: 19/19 MP: 1/1
   192 | D:1      | Reached XP level 2. HP: 27/27 MP: 2/2
   424 | D:1      | Reached skill level 1 in Armour
   582 | D:3      | Found a corrupted altar of Lugonu.
   582 | D:3      | Found a large runed translucent door.
   582 | D:3      | Found a large runed translucent door.
   583 | D:3      | Cast into level 1 of the Abyss (kobold)
   623 | Abyss:1  | Noticed a worldbinder
   635 | Abyss:1  | Noticed a large abomination
   650 | Abyss:1  | Noticed a fire bat
   653 | Abyss:1  | Noticed a wretched star
   658 | Abyss:1  | Noticed a blink frog
   659 | Abyss:1  | Noticed a wretched star
   663 | Abyss:1  | Noticed a tentacled starspawn
   663 | Abyss:1  | Noticed a neqoxec
   664 | Abyss:1  | Noticed a worldbinder
   670 | Abyss:1  | Noticed an ironbound thunderhulk
   670 | Abyss:1  | Noticed a brown very ugly thing
   670 | Abyss:1  | Noticed a cyan very ugly thing
   670 | Abyss:1  | Killed from afar by an ironbound thunderhulk

Illustrated notes

Levels and vault maps discovered:
D:1:      lightli_arrival_quake, layout_basic
D:2:      layout_loops_ring
D:3:      due_chaos_kobolds, layout_loops_corners, serial_shops, shop,
          ebering_ghost_rock_garden, gup_sewer_entry_pipe
Abyss:1:  base: D:1, guppyfry_abyss_exit_glass_guarded,
          gammafunk_corrupted_shrine

Skill      XL: |  1  2 |
---------------+-------+-----
Fighting       | 4 |  4.0
Armour         | 1 |  1.1
Axes           | |  4.6
Dodging        | |  2.4
Stealth        | |  1.5

Action                   || total
-------------------------++-------
Melee: Hand axe          ||    47
 Stab: Sleeping          ||     2
Armor: Robe              ||    12
Dodge: Dodged            ||    36
